 Dungeon Crawl Stone Soup version 0.31.0-32-g396128a36d (webtiles) character file.

Game seed: 8295453750110052009

20 Egg the Apothecary (level 2, -3/17 HPs)
             Began as an Octopode Alchemist on Mar 22, 2024.
             Engulfed by a cloud of flame (20 damage)
             ... on level 1 of the Dungeon.
             The game lasted 00:01:30 (596 turns).

Egg the Apothecary (Octopode Alchemist)              Turns: 596, Time: 00:01:30

Health: -3/17      AC:  1    Str:  7    XL:     2   Next: 79%
Magic:  5/5        EV: 13    Int: 17    God:
Gold:   44         SH:  0    Dex: 12    Spells: 4/5 levels left

rFire   . . .        d - +0 short sword
rCold   . . .        (no shield)
rNeg    . . .        (helmet restricted)
rPois   .            (no amulet)
rElec   .            (no ring)
rCorr   .            (no ring)
SInv    .            (no ring)
Will    .....        (no ring)
Stlth   +++          (no ring)
HPRegen 0.22/turn    (no ring)
MPRegen 0.09/turn    (no ring)
                     (no ring)

%: no passive effects
@: no status effects
A: almost no armour, amphibious, 8 rings, camouflage 1, gelatinous body 1,
(nimble swimmer 1), tentacles
a: no special abilities


You were on level 1 of the Dungeon.
You visited 1 branch of the dungeon, and saw 1 of its levels.

You collected 44 gold pieces.

Inventory:

Hand Weapons
 d - a +0 short sword (weapon)
Jewellery
 b - a ring of see invisible
Scrolls
 c - a scroll of identify {unknown}
 f - a scroll of immolation {unknown}
 g - a scroll of torment {unknown}
Potions
 a - a potion of magic
 e - a potion of lignification {unknown}
 h - a potion of brilliance {unknown}


   Skills:
 - Level 2.0 Dodging
 - Level 2.6 Stealth
 - Level 2.0 Spellcasting
 - Level 1.0 Conjurations
 * Level 4.4 Alchemy


You had 4 spell levels left.
You knew the following spells:

 Your Spells              Type           Power      Damage    Failure   Level
a - Sting                 Conj/Alch      40%        1d5       6%          1

Your spell library contained the following spells:

 Spells                   Type           Power      Damage    Failure   Level
 Mercury Vapours          Alch/Air       18%        N/A       12%         2
 Mephitic Cloud           Conj/Alch/Air  7%         N/A       28%         3
 Olgreb's Toxic Radiance  Alch           16%        N/A       32%         4
 Sticky Flame             Fire/Alch      9%         2d5       61%         4


Dungeon Overview and Level Annotations

Branches:
Dungeon (1/15)

Altars:


Innate Abilities, Weirdness & Mutations

You cannot wear most types of armour.
You are amphibious.
You can wear up to eight rings at the same time.
Your skin changes colour to match your surroundings (Stealth+).
Your rubbery body absorbs attacks. (AC +1, EV +1)
((You are camouflaged when in or above water. (Stealth+)))
You have tentacles for arms and can constrict up to eight enemies at once.


Message History

The helpless kobold fails to defend itself.
You hit the kobold. You grab the kobold.
The kobold is severely wounded.
You constrict the kobold.
You kill the kobold!
Things that are here:
a +0 whip; a kobold corpse
g - a scroll labelled WEG EWE UDIXO You now have 44 gold pieces (gained 9).
A rat comes into view.
The rat squeaks loudly.
A bat comes into view.
The bat moves out of view.
You hit the rat. Your grab misses the rat.
The rat is moderately wounded.
The rat barely misses you.
You hit the rat. You grab the rat.
The rat is severely wounded.
You constrict the rat.
You kill the rat!
A bat is nearby!
Casting: Sting (safe; 6% risk of failure)
Confirm with . or Enter, or press ? or * to list all spells.
Aiming: Sting (safe; 6% risk of failure)
Press: ? - help, Shift-Dir - straight line, f - bat
Aim: a bat (wandering, hasn't noticed you, 57% to hit)
The sting hits the bat.
The bat is poisoned.
The bat is heavily wounded.
You kill the bat!
Found a stone staircase leading down.
There is a stone staircase leading down here.
h - a puce potion
Found a blade talisman.
Press: ? - help, v - describe, . - travel, g - get item Item here: a blade talisman.
The floor.
Okay, then.
You are engulfed in blazing flames.
Ouch! That really hurt!
You die...

.....# #○☼☼# .....#
#.####
##...#####...#.# #.#
.....○○ ..# ○.....☼
### ..... #...# #§☼§#
#☼☼○# #@○§# #.#
##..%# #.# ###...##
#.# #...### #.# #.#.#
#.# #.#... ## #.#
#.#..#.. #.# #.#...
##
########.####.#.#.###


There were no monsters in sight!

Vanquished Creatures
  An endoplasm (D:1)
  A giant cockroach (D:1)
  A hobgoblin (D:1)
  3 jackals (D:1)
  A quokka (D:1)
  2 ball pythons (D:1)
  3 bats (D:1)
  2 frilled lizards (D:1)
  3 kobolds (D:1)
  3 rats (D:1)
20 creatures vanquished.

Notes
Turn   | Place    | Note
-------+----------+-------------------------------------------
     0 | D:1      | Egg the Octopode Alchemist began the quest for the Orb.
     0 | D:1      | Reached XP level 1. HP: 11/11 MP: 3/3
   170 | D:1      | Reached XP level 2. HP: 17/17 MP: 0/5
   264 | D:1      | Reached skill level 4 in Alchemy
   596 | D:1      | Engulfed by a cloud of flame

Illustrated notes

Levels and vault maps discovered:
D:1:      grunt_arrival_crossed_arrows, layout_loops_ring, lemuel_flame_loot_1

Skill      XL: |  1  2 |
---------------+-------+-----
Alchemy        | 4 |  4.4
Dodging        | |  2.0
Stealth        | |  2.6
Spellcasting   | |  2.0
Conjurations   | |  1.0

Action                     || total
---------------------------++-------
  Melee: Unarmed           ||    14
         Constrict         ||     8
         Tentacles         ||     5
         Short sword       ||    13
   Cast: Sting             ||    15
   Stab: Sleeping          ||     3
 Armour: Skin              ||    14
  Dodge: Dodged            ||    19
